 Dungeon Crawl Stone Soup version 0.26-a0-1213-gd52f5182fe (webtiles) character file.

Game seed: 6197713587087829654

11509 Anon1729 the Markself (level 11, -3/64 HPs)
             Began as a Deep Elf Hunter on Dec 30, 2020.
             Was a Priest of Uskayaw.
             Slain by a five-headed hydra (15 damage)
             ... on level 12 of the Dungeon.
             The game lasted 00:36:36 (16674 turns).

Anon1729 the Markself (Deep Elf Hunter)            Turns: 16674, Time: 00:36:38

Health: -3/64      AC:  8    Str: 17    XL:     11   Next: 50%
Magic:  15/18      EV: 20    Int: 17    God:    Uskayaw [***...]
Gold:   445        SH:  0    Dex: 15    Spells: 5/10 levels left

rFire    . . .     SeeInvis .   a - +1 shortbow
rCold    + . .     Faith    +   (shield currently unavailable)
rNeg     . . .     Spirit   .   D - +0 leather armour of Gozag's Fury {rElec rC+ Will- Str+5}
rPois    .         Reflect  .   p - +0 helmet
rElec    +         Harm     .   (no cloak)
rCorr    .         Rampage  .   E - +2 pair of gloves
Will     .....                  O - +0 pair of boots
Stlth    ++........             y - amulet of faith
HPRegen  0.20/turn              (no ring)
MPRegen  0.16/turn              (no ring)

@: no status effects
A: no striking features
a: Renounce Religion, Stomp, Line Pass


You were on level 12 of the Dungeon.
You worshipped Uskayaw.
Uskayaw was noncommittal.
You visited 2 branches of the dungeon, and saw 13 of its levels.

You collected 650 gold pieces.
You spent 205 gold pieces at shops.

Inventory:

Hand Weapons
 a - a +1 shortbow (weapon)
 b - a +0 short sword
 t - a +2 vampiric dagger
 u - a +1 flail of draining
 H - a +3 dagger of venom
 M - a +4 dagger of holy wrath
Missiles
 d - 23 arrows (quivered ammo)
 h - 32 poisoned darts
Armour
 c - a +0 leather armour
 k - a cursed +0 scale mail
 p - a +0 helmet (worn)
 D - the +0 leather armour of Gozag's Fury (worn) {rElec rC+ Will- Str+5}
   (You found it on level 7 of the Dungeon)

   It affects your strength (+5).
   It protects you from cold.
   It insulates you from electricity.
   It affects your willpower, your defense against some magical effects.
 E - a +2 pair of gloves (worn)
 O - a +0 pair of boots (worn)
Jewellery
 y - an amulet of faith (around neck)
 F - an uncursed amulet of regeneration
Wands
 r - a wand of iceblast (6)
 B - a wand of polymorph (13)
 K - a wand of acid (13)
 L - a wand of paralysis (12)
Scrolls
 e - 2 scrolls of immolation
 f - 8 scrolls of remove curse
 i - 4 scrolls of enchant weapon
 j - a scroll of fear {unknown}
 l - 5 scrolls of teleportation
 o - 2 scrolls of enchant armour {unknown}
 s - 2 scrolls of amnesia
 v - 3 scrolls of magic mapping
 x - a scroll of fog {unknown}
 A - 4 scrolls of identify
 C - a scroll of random uselessness {unknown}
 J - 2 scrolls of noise {unknown}
 N - a scroll of torment {unknown}
Potions
 g - a potion of curing
 m - 3 potions of flight {unknown}
 n - 3 potions of attraction {unknown}
 q - 4 potions of magic {unknown}
 w - 2 potions of cancellation {unknown}
 z - 2 potions of berserk rage {unknown}
 G - a potion of heal wounds
 I - 3 potions of degeneration {unknown}


   Skills:
 + Level 5.2 Fighting
 - Level 15.7 Bows
 + Level 11.6 Dodging
 - Level 1.2 Stealth
 + Level 4.0 Hexes
 * Level 7.7 Invocations


You had 5 spell levels left.
You knew the following spells:

 Your Spells              Type           Power        Failure   Level
a - Corona                Hex            14%          5%          1
b - Summon Guardian Gole  Hex/Summ       6%           36%         3
c - Apportation           Tloc           0%           28%         1

Your spell library contained the following spells:

 Spells                   Type           Power        Failure   Level
 Animate Skeleton         Necr           0%           28%         1
 Summon Small Mammal      Summ           0%           28%         1
 Portal Projectile        Hex/Tloc       12%          36%         3
 Call Imp                 Summ           0%           41%         2
 Call Canine Familiar     Summ           0%           65%         3
 Lesser Beckoning         Tloc           0%           65%         3
 Summon Ice Beast         Ice/Summ       0%           96%         4
 Summon Lightning Spire   Summ/Air       0%           96%         4
 Simulacrum               Ice/Necr       0%           100%        6
 Disjunction              Tloc           0%           100%        8


Dungeon Overview and Level Annotations

Branches:
Dungeon (12/15)            Temple (1/1) D:4            Lair (0/6) D:11
    Orc: D:9-12

Altars:
Ashenzari
Cheibriados
Elyvilon
Fedhas
Gozag
Hepliaklqana
Kikubaaqudgha
Makhleb
Nemelex Xobeh
Okawaru
Qazlal
Ru
Sif Muna
Trog
Uskayaw
Vehumet
Wu Jian
Xom
Yredelemnul
Zin
The Shining One

Shops:
D:5 *!   D:8 (

Annotations:
D:8 3 runed translucent doors, suvakkihuora's ghost, novice NaAr
D:12 exclusions: 2 doors and ugly thing


Message History

The five-headed hydra barely misses you. x2
The five-headed hydra bites you.
You shoot an arrow. The arrow hits the five-headed hydra.
The five-headed hydra is almost dead.
Unknown command.
You shoot an arrow.
The arrow completely misses the five-headed hydra.
The five-headed hydra closely misses you.
The five-headed hydra bites you. The five-headed hydra bites you! x2
* * * LOW HITPOINT WARNING * * *
The five-headed hydra closely misses you.
Unknown command.
You stomp with the beat, sending a shockwave through the revellers around you!
The five-headed hydra is almost dead.
The five-headed hydra bites you but does no damage.
The five-headed hydra bites you.
* * * LOW HITPOINT WARNING * * *
The five-headed hydra bites you but does no damage.
The five-headed hydra misses you. The five-headed hydra bites you!
You die...

.####..........#.............#
.รทรทรท'........................#
#####..........##..>>.)......#
#..........#####'#########
#######+#### #)[.# #.....#
####'###### ######+######
#.........### #
#......((...######.........+.# #
##.......(((('(D@.'..(......#.# #
##......<....######.........#.###
##...........# #.........#...#
.#...........# #.........###..
........<....# #.........# ###
##...........# #.........# #
##...........# #.........# #
###########'### ##+######## #...#
#.###


You could see a five-headed hydra.

Vanquished Creatures
  3 two-headed ogres
  A wizard (D:10)
  Pikel (D:4)
  A cyclops (D:12)
  Maurice (D:9)
  A komodo dragon (D:11)
  A wraith (D:5)
  6 yaks (D:12)
  A vampire (D:10)
  A wyvern (D:12)
  A steam dragon (D:12)
  Menkaure (D:6)
  4 black bears
  3 ice beasts
  4 orc warriors
  4 sky beasts
  A hornet zombie (D:7)
  6 ogres
  2 phantoms
  2 centaurs
  2 lemures (D:5)
  2 big kobolds
  6 bullfrogs
  4 scorpions
  6 killer bees (D:10)
  14 wights
  6 howler monkeys
  A bullfrog zombie (D:6)
  A quasit (D:8)
  6 hounds
  3 bullfrog skeletons
  11 orc priests
  3 jellies
  17 orc wizards
  A centaur skeleton (D:8)
  2 iguanas
  14 worker ants
  A hound zombie (D:10)
  A hound skeleton (D:10)
  A worker ant zombie (D:9)
  3 gnolls (D:7)
  12 adders
  2 shadow imps
  2 white imps
  3 adder skeletons
  2 adder zombies (D:9)
  3 worms
  3 dart slugs
  3 leopard geckos
  46 orcs
  2 ball pythons
  5 giant cockroaches
  9 goblins
  7 hobgoblins
  5 jackals
  9 quokkas
  A ball python skeleton (D:3)
  A ball python zombie (D:3)
  7 bats
  6 frilled lizards
  A jackal skeleton (D:3)
  15 kobolds
  2 leopard gecko skeletons
  A leopard gecko zombie (D:3)
  8 rats
305 creatures vanquished.

Vanquished Creatures (others)
  42 plants (D:11)
42 creatures vanquished.

Grand Total: 347 creatures vanquished

Notes
Turn   | Place    | Note
-------+----------+-------------------------------------------
     0 | D:1      | Anon1729 the Deep Elf Hunter began the quest for the Orb.
     0 | D:1      | Reached XP level 1. HP: 12/12 MP: 3/3
   121 | D:1      | Reached skill level 6 in Bows
   121 | D:1      | Reached XP level 2. HP: 6/16 MP: 4/4
  1038 | D:1      | Reached XP level 3. HP: 15/20 MP: 5/5
  1866 | D:2      | Reached skill level 7 in Bows
  2208 | D:2      | Reached XP level 4. HP: 14/25 MP: 6/6
  2787 | D:2      | Found a radiant altar of Vehumet.
  3436 | D:3      | Reached skill level 8 in Bows
  3903 | D:4      | Noticed a centaur
  3909 | D:4      | HP: 1/25 [centaur/arrow (16)]
  4864 | D:4      | Found a staircase to the Ecumenical Temple.
  4877 | Temple   | Entered the Ecumenical Temple
  4964 | D:4      | Reached XP level 5. HP: 29/29 MP: 7/7
  5864 | D:4      | Found a blossoming altar of Fedhas.
  6014 | D:4      | Found a snail-covered altar of Cheibriados.
  6178 | D:4      | Reached skill level 9 in Bows
  6400 | D:5      | Entered Level 5 of the Dungeon
  6420 | D:5      | Found a glowing silver altar of Zin.
  6420 | D:5      | Found a sparkling altar of Nemelex Xobeh.
  6422 | D:5      | Found a bloodstained altar of Trog.
  6677 | D:5      | Reached XP level 6. HP: 34/34 MP: 8/8
  6690 | D:5      | Found Curuitix's Distillery.
  6709 | D:5      | Bought a potion of heal wounds for 55 gold pieces
  6709 | D:5      | Bought a potion of curing for 33 gold pieces
  6709 | D:5      | Bought a potion of lignification for 33 gold pieces
  6739 | D:5      | Found Puram's Assorted Antiques.
  6739 | D:5      | Noticed Pikel
  6821 | D:5      | Reached skill level 10 in Bows
  6909 | D:4      | Killed Pikel
  6910 | D:4      | Reached skill level 12 in Bows
  6910 | D:4      | Reached XP level 7. HP: 19/38 MP: 9/9
  7489 | D:5      | Learned a level 1 spell: Corona
  7493 | D:5      | Learned a level 3 spell: Summon Guardian Golem
  7644 | D:5      | Noticed a wraith
  7677 | D:5      | Killed a wraith
  7678 | D:5      | Reached skill level 13 in Bows
  7678 | D:5      | Reached XP level 8. HP: 10/43 MP: 10/10
  7936 | D:5      | Bought a scroll labelled DILEUTU BENIE for 30 gold pieces
  7936 | D:5      | Bought a cyan potion for 27 gold pieces
  8321 | D:5      | Bought a fizzy ruby potion for 27 gold pieces
  8563 | D:6      | Found a hazy altar of Hepliaklqana.
  8591 | D:6      | Found a broken altar of Ashenzari.
  8879 | D:6      | Noticed Menkaure
  8893 | D:6      | Killed Menkaure
  9444 | D:7      | Reached skill level 5 in Dodging
  9473 | D:7      | Reached skill level 14 in Bows
  9946 | D:7      | Reached XP level 9. HP: 32/47 MP: 11/11
 10047 | D:7      | Noticed a two-headed ogre
 10065 | D:7      | Killed a two-headed ogre
 10598 | D:7      | Reached skill level 15 in Bows
 10745 | D:7      | Got a crude leather armour
 10756 | D:7      | Identified the +0 leather armour of Gozag's Fury {rElec rC+
                  | Will- Str+5} (You found it on level 7 of the Dungeon)
 10781 | D:7      | Found a shimmering altar of Xom.
 11085 | D:8      | Found Mull's Weapon Shop.
 11159 | D:8      | Found a runed translucent gate.
 11159 | D:8      | Found a runed translucent gate.
 11159 | D:8      | Found a runed translucent gate.
 11667 | D:8      | Noticed a two-headed ogre
 12026 | D:8      | Found an opulent altar of Gozag.
 12047 | D:8      | Noticed suvakkihuora's ghost (novice NaAr)
 12425 | D:9      | Reached XP level 10. HP: 52/52 MP: 12/12
 12911 | D:9      | Reached skill level 10 in Dodging
 13107 | D:9      | Found a hide-covered altar of Uskayaw.
 13212 | D:9      | Became a worshipper of Uskayaw the Reveller
 13319 | D:9      | Reached * piety under Uskayaw
 13376 | D:9      | Noticed Maurice
 13380 | D:9      | Reached ** piety under Uskayaw
 13390 | D:9      | Killed Maurice
 13391 | D:9      | Reached skill level 1 in Invocations
 13562 | D:10     | Entered Level 10 of the Dungeon
 13580 | D:10     | Reached *** piety under Uskayaw
 13652 | D:10     | Noticed a wizard
 13664 | D:10     | Killed a wizard
 13672 | D:10     | Reached **** piety under Uskayaw
 13736 | D:10     | Noticed a two-headed ogre
 13741 | D:10     | Reached ***** piety under Uskayaw
 13749 | D:10     | Killed a two-headed ogre
 13761 | D:10     | Reached ****** piety under Uskayaw
 13816 | D:10     | Reached skill level 5 in Invocations
 14533 | D:10     | Reached XP level 11. HP: 26/62 MP: 12/17
 14800 | D:10     | Identified the Collected Works on the Traveller and the
                  | Snowflakes
 14965 | D:11     | Reached skill level 1 in Hexes
 15134 | D:11     | Found a staircase to the Lair.
 15257 | D:11     | You fall into a shaft and drop 1 floor!
 15662 | D:12     | Noticed a five-headed hydra
 15834 | D:12     | Learned a level 1 spell: Apportation
 16050 | D:12     | Noticed a two-headed ogre
 16072 | D:12     | Killed a two-headed ogre
 16073 | D:12     | Reached skill level 5 in Fighting
 16151 | D:12     | Noticed a red ugly thing
 16674 | D:12     | Slain by a five-headed hydra

Illustrated notes

Levels and vault maps discovered:
D:1:      wander_arrival_abandoned_jail, layout_basic, minmay_pentomino_t4
D:2:      layout_basic, lemuel_coloured_pillars_altar,
          minmay_randomly_rotated_circles
D:3:      layout_basic, serial_undead, serial_undead_a, serial_undead_e,
          serial_undead_f, serial_undead_a
D:4:      layout_gridville, fedhas_bush_and_centaur_altar, lemuel_doored_altar,
          minmay_temple_entry_glass, serial_glass, glass_columns_b,
          glass_columns_a, grunt_decor_mini_mirrors
D:5:      layout_rooms, nicolae_overflow_hidden_temple, serial_shops, shop,
          shop, minmay_a_box_with_orc_wizards_in_it, uniq_pikel
D:6:      layout_gridville, nzn_hepliaklqana_mist_gate,
          cheibrodos_ashenzari_chains, uniq_menkaure
D:7:      layout_rooms, kennysheep_little_box
D:8:      layout_rooms, general_overflow_altar, gammafunk_ghost_icy,
          serial_shops, shop, hangedman_decor_peaks_small,
          chequers_serial_rivers_small_a, minmay_misc_feat_doors,
          kennysheep_generic_room_7
D:9:      layout_basic, kennysheep_mini_moat, mrwooster_statue_mirror,
          uniq_maurice
D:10:     layout_rooms
D:11:     layout_roguey, david_lair_shrubbed, david_orc_3
D:12:     layout_roguey
Temple:   zaba_magenta_temple

Skill      XL: |  1  2  3  4  5  6  7  8  9 10 11 |
---------------+----------------------------------+-----
Bows           | 6 7 8 9 12 13 14 15 | 15.7
Dodging        | 6 9 11 | 11.6
Fighting       | 4 5 |  5.2
Invocations    | 5 7 |  7.7
Hexes          | 4 |  4.0
Stealth        | |  1.2

Action                   |  1- 3 |  4- 6 |  7- 9 | 10-12 || total
-------------------------+-------+-------+-------+-------++-------
Melee: Short sword       |    30 |    36 |       |       ||    66
       Dagger            |       |    43 |       |    80 ||   123
       Flail             |       |    12 |    28 |       ||    40
       Shortbow          |       |       |       |     2 ||     2
 Fire: Shortbow          |   104 |   225 |   490 |   575 ||  1394
Throw: Dart              |       |     6 |       |     6 ||    12
       Throwing net      |       |     1 |       |       ||     1
 Cast: Apportation       |       |       |       |    15 ||    15
Invok: Stomp             |       |       |       |     4 ||     4
       Line Pass         |       |       |       |     2 ||     2
Evoke: Wand              |       |       |       |    13 ||    13
  Use: Potion            |       |     4 |     7 |     1 ||    12
       Scroll            |       |       |     7 |       ||     7
 Stab: Sleeping          |     1 |       |       |       ||     1
       Paralysed         |       |       |       |    11 ||    11
Armor: Leather armour    |    20 |    26 |    40 |    43 ||   129
       Skin              |       |    55 |       |       ||    55
Dodge: Dodged            |    62 |    81 |   127 |   200 ||   470

Table legend: (Time is in decaauts)
 A = Elapsed time spent in this place.
 B = Non-inter-level travel time spent in this place.
 C = Inter-level travel time spent in this place.
 D = Time resting spent in this place.
 E = Time spent auto-exploring this place.
 F = Levels seen in this place.
 G = Mean time per level.
                   A        B        C        D        E       F      G
               +--------+--------+--------+--------+--------+-----+--------+
         Total |  16263 |  15450 |    813 |   3753 |   8959 |  13 | 1251.0 |
       Dungeon |  15948 |  15149 |    799 |   3519 |   8902 |  12 | 1329.0 |
        Temple |    314 |    301 |     13 |    234 |     57 |   1 |  314.0 |
               +--------+--------+--------+--------+--------+-----+--------+

Top non-repeatable levels by time:
     D:4: 2146 daAuts
     D:1: 1702 daAuts
     D:5: 1609 daAuts
     D:6: 1470 daAuts
    D:12: 1357 daAuts
     D:2: 1302 daAuts
     D:3: 1253 daAuts
    D:10: 1205 daAuts
     D:7: 1193 daAuts
     D:8: 1174 daAuts
     D:9: 1169 daAuts
    D:11: 363 daAuts
  Temple: 314 daAuts
